 Dungeon Crawl Stone Soup version 0.28-a0-172-g787e458d71 (webtiles) character file.

Game seed: 7019015008101216545

21 assad the Grasshopper (level 2, -1/28 HPs)
             Began as a Troll Warper on Aug 17, 2021.
             Was a Follower of Cheibriados.
             Slain by Robin (6 damage)
             ... on level 2 of the Dungeon.
             The game lasted 00:11:27 (1620 turns).

assad the Grasshopper (Troll Warper)                Turns: 1620, Time: 00:11:33

Health: -1/28      AC:  4    Str: 20    XL:     2   Next: 65%
Magic:  3/3        EV: 10    Int: 11    God:    Cheibriados [*.....]
Gold:   47         SH:  0    Dex: 11    Spells: 4/4 levels left

rFire   . . .      SeeInvis .   a - +0 falchion
rCold   . . .      Faith    .   (no shield)
rNeg    . . .      Spirit   .   b - +0 robe
rPois   .          Reflect  .   (helmet restricted)
rElec   .          Harm     .   (no cloak)
rCorr   .          Rampage  .   (gloves unavailable)
Will    .....                   (boots unavailable)
Stlth   ..........              (no amulet)
HPRegen 1.09/turn               (no ring)
MPRegen 0.08/turn               (no ring)

@: about to teleport, silenced, very slow
A: large, unfitting armour, claws 3, regeneration 1, shaggy fur 1, tough skin 1
a: Renounce Religion


You were on level 2 of the Dungeon.
You worshipped Cheibriados.
Cheibriados was aware of your devotion.
You visited 1 branch of the dungeon, and saw 2 of its levels.

You collected 47 gold pieces.

Inventory:

Hand Weapons
 a - a +0 falchion (weapon)
 e - a +0 spear
 h - a +0 long sword
Missiles
 d - 5 boomerangs of dispersal (quivered)
 g - 30 arrows
 j - 33 bolts
 l - 21 stones
 o - 29 poisoned darts
Armour
 b - a +0 robe (worn)
 k - a +0 pair of boots
Scrolls
 q - a scroll of magic mapping {unknown}
Potions
 i - a potion of haste {unknown}
 m - a potion of mutation {unknown}
 p - a potion of curing {unknown}


   Skills:
 + Level 1.7 Fighting
 + Level 1.6 Long Blades
 + Level 0.8 Throwing
 + Level 1.9 Dodging
 + Level 1.5 Spellcasting
 + Level 2.5 Translocations


You had 4 spell levels left.
You didn't know any spells.
Your spell library contained the following spells:

 Spells                   Type           Power      Damage    Failure   Level
 Blink                    Tloc           N/A        N/A       16%         2
 Gell's Gravitas          Tloc           3%         N/A       32%         3
 Lesser Beckoning         Tloc           3%         N/A       32%         3
 Teleport Other           Tloc           6%         N/A       32%         3
 Manifold Assault         Tloc           6%         N/A       96%         5


Dungeon Overview and Level Annotations

Branches:
Dungeon (2/15)

Altars:
Cheibriados

Annotations:
D:2 Robin


Innate Abilities, Weirdness & Mutations

You are too large for most types of armour.
You have claws for hands.
Your natural rate of healing is unusually fast.
You are covered in fur. (AC +1)
You have tough skin. (AC +1)


Message History

The hobgoblin hits you but does no damage.
Robin says, "My army is invincible!"
The goblin hits you but does no damage. The goblin barely misses you.
The goblin hits you with a +0 dagger. The goblin hits you but does no damage.
The goblin hits you with a +0 dagger. The goblin completely misses you.
Blink to where?
Press: ? - help, Dir - move target
As you read the scroll of blinking, it crumbles to dust.
The hobgoblin hits you.
The hobgoblin no longer looks unusually strong.
The goblin no longer looks unusually strong. x2
Robin throws the goblin at you!
You hit the goblin.
The goblin is moderately wounded.
The hobgoblin hits you but does no damage.
The hobgoblin hits you.
Robin roars a battlecry!
The goblins go into a battle-frenzy!
The goblin hits you with a +0 dagger.
You closely miss the goblin.
The goblin is moderately wounded.
The goblin no longer looks unusually strong. x2
The hobgoblin closely misses you. The goblin barely misses you.
Robin throws the goblin at you! The goblin barely misses you.
The hobgoblin hits you. x2
As you read the scroll labelled XEFO QOKEPOMUKOIQ, it crumbles to dust.
You feel strangely unstable.
It was a scroll of teleportation.
The goblin hits you with a +0 dagger. Robin completely misses you.
The goblin barely misses you. The goblin hits you with a +0 dagger.
The hobgoblin hits you. The goblin barely misses you. The hobgoblin hits you.
* * * LOW HITPOINT WARNING * * *
The hobgoblin hits you.
* * * LOW HITPOINT WARNING * * *
As you read the scroll labelled EGHYCLUHYS, it crumbles to dust.
A profound silence engulfs you.
It was a scroll of silence.
The goblin no longer looks unusually strong.
The hobgoblin no longer looks unusually strong.
The goblin barely misses you.
Robin hits you from afar with a +4 spear.
You die...

###### .....########
.....##......
.....##......
.....##......###
.....##........####
.....##.......gggg#
...###.......ggg@g#
#..# #.......#ggg.#
#..# #.........g..#
...###...##.......#
#..................#
#.....g............+
...###gg.#########.#
...# #...# .# ####
#####


You could see Robin, 4 hobgoblins and 7 goblins.

Vanquished Creatures
  4 bats
  2 endoplasms (D:2)
  2 giant cockroaches (D:1)
  2 goblins (D:1)
  3 kobolds (D:1)
  2 quokkas (D:1)
  3 ball pythons (D:1)
18 creatures vanquished.

Vanquished Creatures (others)
  6 plants (D:2)
6 creatures vanquished.

Grand Total: 24 creatures vanquished

Notes
Turn   | Place    | Note
-------+----------+-------------------------------------------
     0 | D:1      | assad the Troll Warper began the quest for the Orb.
     0 | D:1      | Reached XP level 1. HP: 19/19 MP: 1/1
   427 | D:1      | Reached XP level 2. HP: 27/27 MP: 3/3
  1542 | D:2      | Found a faded altar of an unknown god.
  1580 | D:2      | Became a worshipper of Cheibriados the Contemplative
  1580 | D:2      | Reached * piety under Cheibriados
  1604 | D:2      | Noticed Robin
  1620 | D:2      | Slain by Robin

Illustrated notes

Levels and vault maps discovered:
D:1:      onia_arrival_pyramid, layout_loops_corners
D:2:      wad_lake_hut, layout_basic, ebering_ecumenical_altar_box, uniq_robin,
          uniq_natasha

Action                   || total
-------------------------++-------
Melee: Falchion          ||    76
  Use: Scroll            ||     3
Armor: Robe              ||    61
Dodge: Dodged            ||    55
       Rpst.: Falchion   ||    13

Table legend: (Time is in decaauts)
 A = Elapsed time spent in this place.
 B = Non-inter-level travel time spent in this place.
 C = Inter-level travel time spent in this place.
 D = Time resting spent in this place.
 E = Time spent auto-exploring this place.
 F = Levels seen in this place.
 G = Mean time per level.
                   A        B        C        D        E       F      G
               +--------+--------+--------+--------+--------+-----+--------+
         Total |   1670 |   1670 |      0 |      0 |      0 |   2 |  835.0 |
       Dungeon |   1670 |   1670 |      0 |      0 |      0 |   2 |  835.0 |
               +--------+--------+--------+--------+--------+-----+--------+

Top non-repeatable levels by time:
     D:1: 1100 daAuts
     D:2: 569 daAuts
